[Event "Titled Tuesday Blitz June 21 Late 2022"]
[White "Deac, Bogdan-Daniel"]
[Black "Mahdavi, Reza"]
[WhiteFideId "1226380"]
[BlackFideId "12595926"]
[WhiteElo "2648"]
[BlackElo "2265"]
[Result "1-0"]
[Round "06"]
[TimeControl "180+1"]
[Date "2022.06.21"]
[WhiteClock "0:00:08"]
[BlackClock "0:00:08"]

1. d4 Nf6 2. c4 g6 3. Nc3 Bg7 4. e4 d6 5. Be2 O-O 6. h4 c5 7. d5 e6 8. h5 exd5 9. exd5 Re8 10. h6 Bh8 11. Bg5 Qb6 12. b3 Bf5 13. Nf3 Ne4 14. Nxe4 Bxe4 15. O-O Bxf3 16. Bxf3 Nd7 17. Rc1 f5 18. g4 Rf8 19. gxf5 Rxf5 20. Be3 Ne5 21. Bg2 Re8 22. Bh3 Nf3+ 23. Kg2 Ref8 24. Bxf5 Rxf5 25. Rh1 Qd8 26. Rh3 Ng5 27. Rg3 Be5 28. f4 Bxf4 29. Bxf4 Rxf4 30. Qd2 Qf6 31. Qc3 Rd4 32. Rf1 Qe5 33. Qa5 b6 34. Qe1 Re4 35. Qc3 Rd4 36. Qe3 Ne4 37. Rg4 Rd2+ 38. Kf3 Qf5+ 39. Qf4 Rd3+ 40. Ke2 Rd2+ 41. Ke3 Kf7 42. Qxf5+ gxf5 43. Rxe4 Rxa2 44. Rxf5+ Kg6 45. Rff4 Rb2 46. Re6+ Kg5 47. Rfe4 Rxb3+ 48. Kd2 Rb2+ 49. Kc3 Rf2 50. Rxd6 Rf3+ 51. Kd2 Kf5 52. Ree6 b5 53. Rf6+ 1-0


[Site "https://www.chess.com"]

[Event "Titled Tuesday Blitz June 21 Late 2022"]
[White "Dobre, Claudiu-Cristian"]
[Black "Zhu, Jiner"]
[WhiteFideId "1211854"]
[BlackFideId "8608059"]
[WhiteElo "2528"]
[BlackElo "2654"]
[Result "1-0"]
[Round "06"]
[TimeControl "180+1"]
[Date "2022.06.22"]
[WhiteClock "0:00:58"]
[BlackClock "0:00:05"]

1. c4 Nf6 2. Nc3 e6 3. e4 d5 4. e5 d4 5. exf6 dxc3 6. fxg7 cxd2+ 7. Qxd2 Qxd2+ 8. Bxd2 Bxg7 9. O-O-O Nc6 10. Nf3 e5 11. Bc3 Be6 12. b3 O-O 13. Bd3 Rad8 14. Rhe1 Bg4 15. Be4 Rxd1+ 16. Rxd1 f5 17. Bd5+ Kh8 18. Bxc6 bxc6 19. Rd7 Bxf3 20. gxf3 Rc8 21. f4 Kg8 22. fxe5 f4 23. Kc2 c5 24. Kd3 a6 25. f3 Re8 26. Ke4 Re6 27. Rxc7 Rh6 28. Rxc5 Rxh2 29. Rc8+ Kf7 30. e6+ Kxe6 31. Bxg7 Rxa2 32. Bh6 Ra3 33. Rb8 a5 34. Rb6+ Kd7 35. Bf8 Ra2 36. Kxf4 Kc7 37. Rh6 1-0


[Site "https://www.chess.com"]

[Event "Titled Tuesday Blitz June 21 Late 2022"]
[White "Domingo Nunez, Ruben"]
[Black "Bintang, Rasyid A. Hidayat"]
[WhiteFideId "22245570"]
[BlackFideId "7105355"]
[WhiteElo "2376"]
[BlackElo "2408"]
[Result "1-0"]
[Round "06"]
[TimeControl "180+1"]
[Date "2022.06.22"]
[WhiteClock "0:01:18"]
[BlackClock "0:00:46"]

1. d4 d5 2. c4 Nc6 3. Nf3 Bg4 4. Qa4 Bxf3 5. gxf3 e5 6. Nc3 Nf6 7. Bg5 exd4 8. cxd5 dxc3 9. dxc6 b5 10. Qxb5 cxb2 11. Qxb2 Be7 12. Rd1 Qb8 13. Qe5 Qb4+ 14. Bd2 Qd6 15. Qxd6 Bxd6 16. e3 O-O 17. Ba6 Rad8 18. Ke2 Nd5 19. Ba5 Ne7 20. Bb7 f5 21. h4 Ng6 22. h5 Ne5 23. Rhg1 Nc4 24. Bc3 Rf7 25. h6 g6 26. Ba6 Nb6 27. Rd3 Re7 28. Bf6 Ree8 29. Bxd8 Rxd8 1-0


[Site "https://www.chess.com"]

[Event "Titled Tuesday Blitz June 21 Late 2022"]
[White "Dubov, Daniil"]
[Black "Koziorowicz, Michal"]
[WhiteFideId "24126055"]
[BlackFideId "21809194"]
[WhiteElo "2791"]
[BlackElo "2202"]
[Result "1-0"]
[Round "06"]
[TimeControl "180+1"]
[Date "2022.06.21"]
[WhiteClock "0:01:19"]
[BlackClock "0:00:04"]

1. e4 c5 2. Nf3 d6 3. d4 cxd4 4. Nxd4 Nf6 5. Nc3 g6 6. Bc4 Bg7 7. O-O O-O 8. Re1 Nc6 9. h3 Bd7 10. Nf3 Rc8 11. Bb3 a6 12. Bg5 Qa5 13. Qd2 Rfe8 14. Rad1 Ne5 15. Nxe5 Qxe5 16. Bf4 Qh5 17. e5 dxe5 18. Rxe5 Qh4 19. Nd5 Nxd5 20. Rxd5 Bc6 21. Bg5 Qe4 22. Re1 Bxd5 23. Rxe4 Bxe4 24. Qf4 Bf5 25. g4 e5 26. Qb4 Be6 27. Bxe6 Rxe6 28. Qxb7 Rec6 29. c3 h6 30. Be3 R8c7 31. Qb3 Rd7 32. Qa4 Rcd6 33. Qc4 a5 34. Kg2 Kh7 35. a4 f5 36. b4 f4 37. Bc5 Rd2 38. bxa5 Rc2 39. a6 e4 40. Qxe4 Rxc3 41. a7 Rd8 42. Bb6 f3+ 43. Kg3 Rf8 44. a8=Q Rxa8 45. Qxa8 Be5+ 46. Kh4 Bf6+ 47. g5 hxg5+ 48. Kg4 Bg7 49. Qe4 Rb3 50. a5 Ra3 51. Qxf3 Ra4+ 52. Kg3 Be5+ 53. Kg2 Rf4 54. Qb7+ 1-0


[Site "https://www.chess.com"]

[Event "Titled Tuesday Blitz June 21 Late 2022"]
[White "Estrada Nieto, Julian"]
[Black "Ricaurte Lopez, Juan Carlos"]
[WhiteFideId "5101018"]
[BlackFideId "3600327"]
[WhiteElo "2252"]
[BlackElo "2209"]
[Result "1-0"]
[Round "06"]
[TimeControl "180+1"]
[Date "2022.06.22"]
[WhiteClock "0:00:22"]
[BlackClock "0:00:07"]

1. e4 e5 2. Nf3 Nc6 3. Bb5 a6 4. Ba4 Nf6 5. O-O Be7 6. Re1 b5 7. Bb3 O-O 8. a4 Rb8 9. axb5 axb5 10. c3 d5 11. exd5 Nxd5 12. Nxe5 Nxe5 13. Rxe5 c6 14. d4 Bd6 15. Re1 Qh4 16. g3 Qh3 17. Qf3 Bg4 18. Qg2 Qh5 19. Nd2 f5 20. Bxd5+ cxd5 21. Qxd5+ Kh8 22. Qxd6 f4 23. Re5 Qh3 24. gxf4 Rbd8 25. Qe7 Qd3 26. Rg5 g6 27. Ra7 1-0


[Site "https://www.chess.com"]

[Event "Titled Tuesday Blitz June 21 Late 2022"]
[White "Fedoseev, Vladimir"]
[Black "Khismatullin, Denis"]
[WhiteFideId "24130737"]
[BlackFideId "4142578"]
[WhiteElo "2726"]
[BlackElo "2543"]
[Result "0-1"]
[Round "06"]
[TimeControl "180+1"]
[Date "2022.06.21"]
[WhiteClock "0:00:01"]
[BlackClock "0:00:04"]

1. e4 d6 2. d4 Nf6 3. Nc3 e5 4. Nf3 Nbd7 5. h3 c6 6. Be3 b5 7. a3 Bb7 8. g4 h6 9. Bg2 Be7 10. Nh4 g6 11. Nf3 a5 12. Nd2 exd4 13. Bxd4 b4 14. Ne2 c5 15. Be3 d5 16. exd5 Nxd5 17. Nc4 Nxe3 18. Nxe3 Bxg2 19. Nxg2 Bf6 20. Rb1 Ne5 21. Nef4 Qxd1+ 22. Kxd1 O-O-O+ 23. Ke2 Rhe8 24. Ne3 Nc4 25. axb4 Rd2+ 26. Kf3 Bh4 27. Rhf1 Rxf2+ 28. Rxf2 Rxe3+ 29. Kg2 Bxf2 30. Kxf2 cxb4 31. b3 Re4 32. Nd3 Na3 33. Ra1 Kc7 34. c4 Rd4 35. Ke2 f5 36. gxf5 gxf5 37. Rf1 Re4+ 38. Kd2 a4 39. Nxb4 axb3 40. Kc3 Nxc4 41. Nd3 Ne3 42. Rf3 Kd6 43. Kxb3 Kd5 44. Nf4+ Ke5 45. Nd3+ Kf6 46. Nc5 Re7 47. Kc3 Kg5 48. Kd4 f4 49. Ne4+ Kf5 50. Nd6+ Ke6 0-1


[Site "https://www.chess.com"]

[Event "Titled Tuesday Blitz June 21 Late 2022"]
[White "Fiorito, Fabian"]
[Black "Zhou, Qiyu"]
[WhiteFideId "100200"]
[BlackFideId "505161"]
[WhiteElo "2395"]
[BlackElo "1925"]
[Result "1-0"]
[Round "06"]
[TimeControl "180+1"]
[Date "2022.06.22"]
[WhiteClock "0:00:18"]
[BlackClock "0:00:05"]

1. Nf3 Nf6 2. g3 d5 3. Bg2 g6 4. O-O Bg7 5. d4 O-O 6. c4 c6 7. cxd5 cxd5 8. Ne5 Nc6 9. Nxc6 bxc6 10. Nc3 Bf5 11. Bf4 Qd7 12. Na4 Bh3 13. Nc5 Qf5 14. Qd3 Qxd3 15. Nxd3 Bxg2 16. Kxg2 Nh5 17. Be5 f6 18. Bc7 Rfc8 19. Ba5 e5 20. e3 exd4 21. g4 dxe3 22. gxh5 d4 23. hxg6 hxg6 24. Bb4 f5 25. Bc5 Rd8 26. Rfe1 Bh6 27. f4 Bg7 28. Kf3 a5 29. Rac1 Rab8 30. Re2 Kf7 31. Rg1 Rh8 32. Rg3 Rh4 33. Reg2 Rh6 34. h4 Bf6 35. Bd6 Rg8 36. Be5 Rxh4 37. Bxf6 Kxf6 38. Ne5 g5 39. Rxg5 Rxg5 40. Rxg5 Rh2 41. Rg2 Rh1 42. Ke2 Rb1 43. Kd3 Rd1+ 44. Kc4 Rd2 45. Rg1 Rxb2 46. Kxd4 Rxa2 47. Kxe3 Ra4 48. Rg6+ Ke7 49. Rxc6 Re4+ 50. Kf3 a4 51. Ra6 Kd8 52. Rf6 a3 53. Ra6 Re1 54. Rxa3 Rf1+ 55. Ke3 Re1+ 56. Kf2 Re4 57. Rd3+ Ke8 58. Kf3 Re1 59. Nc6 Rf1+ 60. Kg3 Rg1+ 61. Kf2 Rh1 62. Nd4 Rh4 63. Kg3 Rg4+ 64. Kf3 Rg1 65. Nxf5 Rf1+ 66. Ke4 Re1+ 67. Re3 Rh1 68. Nd6+ Kf8 69. Ke5 Ra1 70. f5 Ra5+ 71. Kf6 Ra6 72. Re8# 1-0


[Site "https://www.chess.com"]

[Event "Titled Tuesday Blitz June 21 Late 2022"]
[White "Fishbein, Alexander"]
[Black "Petrovic, Aleksa"]
[WhiteFideId "2000377"]
[BlackFideId "967629"]
[WhiteElo "2620"]
[BlackElo "2490"]
[Result "1-0"]
[Round "06"]
[TimeControl "180+1"]
[Date "2022.06.22"]
[WhiteClock "0:00:09"]
[BlackClock "0:00:03"]

1. Nf3 Nf6 2. c4 e6 3. g3 b6 4. Bg2 Bb7 5. O-O c5 6. Nc3 a6 7. Re1 Be7 8. e4 d6 9. d4 cxd4 10. Nxd4 Qc7 11. Be3 O-O 12. Rc1 Nbd7 13. g4 Ne5 14. g5 Nfd7 15. b3 Nc5 16. Rf1 Ned3 17. Rc2 g6 18. a3 e5 19. Nde2 Nf4 20. Bxf4 exf4 21. b4 Ne6 22. Nd5 Qd8 23. h4 h6 24. Nexf4 Nxf4 25. Nxf4 hxg5 26. Nd5 gxh4 27. Qg4 Bc8 28. Qf3 Be6 29. Bh3 Bxd5 30. cxd5 Bf6 31. Kh1 Be5 32. Rg1 Ra7 33. Qh5 Qf6 34. Bf5 Kg7 35. Qg4 Rh8 36. f4 Bd4 37. e5 dxe5 38. Rc6 Bxg1 39. Rxf6 Kxf6 40. fxe5+ Kxe5 41. Qe4+ Kd6 42. Be6 fxe6 43. Qxe6+ Kc7 44. Kxg1 Rd8 45. Qe7+ Rd7 46. Qe5+ Kc8 47. d6 Rab7 48. Qe8+ Rd8 49. Qc6+ Kb8 50. Kh2 Rbd7 51. Qxb6+ Ka8 52. Qxa6+ Kb8 53. Qb6+ Ka8 54. Qc6+ Kb8 55. Qb5+ Ka8 56. Qa6+ Kb8 57. Qb5+ Ka8 58. a4 Rxd6 59. a5 Rd2+ 60. Kh3 R8d3+ 61. Kxh4 Rd4+ 62. Kg3 R4d3+ 63. Kf4 Rd4+ 64. Ke3 Rd8 65. Qc6+ Kb8 66. Qb6+ Ka8 67. a6 R2d3+ 68. Ke4 R3d7 69. Qc6+ Ka7 70. b5 Re7+ 71. Kf4 Red7 72. Qc5+ Ka8 73. b6 Rd3 74. Qc6+ 1-0


[Site "https://www.chess.com"]

[Event "Titled Tuesday Blitz June 21 Late 2022"]
[White "Gardezi, Arsal"]
[Black "Remolar Gallen, Jose"]
[WhiteFideId "30949521"]
[BlackFideId "2215187"]
[WhiteElo "1781"]
[BlackElo "2205"]
[Result "1-0"]
[Round "06"]
[TimeControl "180+1"]
[Date "2022.06.22"]
[WhiteClock "0:00:19"]
[BlackClock "0:00:48"]

1. Nf3 Nf6 2. g3 g6 3. Bg2 Bg7 4. O-O O-O 5. d4 d6 6. c4 c5 7. Nc3 e6 8. e4 Nc6 9. dxc5 dxc5 10. e5 Nd7 11. Bg5 Qb6 12. Na4 Qc7 13. Bf4 b6 14. Re1 Ba6 15. Rc1 Rad8 16. Qe2 h6 17. h4 Nd4 18. Nxd4 cxd4 19. Qd2 Kh7 20. Qe2 d3 21. Qxd3 Nc5 22. Qa3 Nd3 23. c5 Nxc1 24. Rxc1 b5 25. Nc3 Qc8 26. Ne4 Rd4 27. Nd6 Rb4 28. Qxb4 1-0


[Site "https://www.chess.com"]

[Event "Titled Tuesday Blitz June 21 Late 2022"]
[White "Gimenez Aguirre, Alejo Ismael"]
[Black "Needleman, Alejandro"]
[WhiteFideId "32041667"]
[BlackFideId "100730"]
[WhiteElo "2031"]
[BlackElo "2317"]
[Result "1/2-1/2"]
[Round "06"]
[TimeControl "180+1"]
[Date "2022.06.22"]
[WhiteClock "0:00:10"]
[BlackClock "0:00:19"]

1. e4 c5 2. Nf3 e6 3. d4 cxd4 4. Nxd4 Nc6 5. Nxc6 bxc6 6. Bd3 Nf6 7. O-O e5 8. Nc3 Bc5 9. Kh1 d6 10. f4 Ng4 11. Qe1 exf4 12. Bxf4 O-O 13. h3 Ne5 14. Qg3 Qe7 15. Rad1 Kh8 16. Na4 Bb6 17. Nxb6 axb6 18. a3 b5 19. c3 f6 20. Bb1 Be6 21. Rf2 Bb3 22. Bc2 Bxc2 23. Rxc2 Rfd8 24. Rcd2 h6 25. Bxe5 dxe5 26. Qe3 Rxd2 27. Qxd2 Qe6 28. Qd7 Qc4 29. Qb7 Rf8 30. Qe7 Rg8 31. Qb4 Qe2 32. Rg1 Rd8 33. a4 bxa4 34. Qxa4 Rd2 35. Qxc6 Rxb2 36. Qc8+ Kh7 37. Qf5+ Kh8 38. Qc8+ Kh7 39. Qf5+ Kh8 40. Qg6 Rd2 41. Kh2 Qe3 42. Rb1 Qf4+ 43. Kh1 Rd8 44. c4 Qd2 45. Qf7 Qc2 46. Re1 Rd1 47. Rxd1 Qxd1+ 48. Kh2 Qc1 49. Qd5 Qf4+ 50. Kg1 Qc1+ 51. Kf2 Qc2+ 52. Kf1 Qc1+ 53. Kf2 Qc2+ 54. Kg3 Qc1 55. Kf2 1/2-1/2


[Site "https://www.chess.com"]

[Event "Titled Tuesday Blitz June 21 Late 2022"]
[White "Goltseva, Ekaterina"]
[Black "Fishbein, Mitch"]
[WhiteFideId "24173770"]
[BlackFideId "30922917"]
[WhiteElo "2086"]
[BlackElo "1939"]
[Result "0-1"]
[Round "06"]
[TimeControl "180+1"]
[Date "2022.06.22"]
[WhiteClock "0:00:02"]
[BlackClock "0:00:20"]

1. d4 d5 2. c4 e6 3. Nf3 Nf6 4. g3 dxc4 5. Bg2 Be7 6. O-O O-O 7. Qc2 b5 8. a4 c6 9. Ne5 Nd5 10. Rd1 Bb7 11. Nc3 a6 12. e4 Nb4 13. Qe2 Nd7 14. f4 Qc7 15. Be3 Rad8 16. Kh1 Nxe5 17. fxe5 c5 18. axb5 cxd4 19. Bxd4 Nd3 20. b6 Qc6 21. Bg1 Bc5 22. Ra5 Bxg1 23. Rxg1 Qxb6 24. Ra4 Nf2+ 25. Qxf2 Qxf2 26. Rxc4 Qxb2 27. Na4 Qb5 28. Rgc1 Qxe5 29. Nc5 Ba8 30. Nxa6 g6 31. Nc7 Bb7 32. Rc5 Qd4 33. Nb5 Qd3 34. Nc3 Rc8 35. Rxc8 Rxc8 36. Na2 Rxc1+ 37. Nxc1 Qd1+ 38. Bf1 Qxf1# 0-1


[Site "https://www.chess.com"]

[Event "Titled Tuesday Blitz June 21 Late 2022"]
[White "Hansen, Eric"]
[Black "Vasquez Schroeder, Rodrigo"]
[WhiteFideId "2606771"]
[BlackFideId "3400042"]
[WhiteElo "2568"]
[BlackElo "2567"]
[Result "1-0"]
[Round "06"]
[TimeControl "180+1"]
[Date "2022.06.21"]
[WhiteClock "0:02:13"]
[BlackClock "0:01:37"]

1. e4 c6 2. Nf3 d5 3. Nc3 Bg4 4. Be2 e6 5. h3 Bxf3 6. Bxf3 Nf6 7. O-O Be7 8. g3 O-O 9. Bg2 Nbd7 10. d3 dxe4 11. Nxe4 Nxe4 12. Bxe4 Nf6 13. Bg2 Qc7 14. Bf4 Bd6 15. Bg5 Be7 16. Qe2 h6 17. Bd2 Bd6 18. Rae1 Rfe8 19. Kh1 Rad8 20. a3 Bc5 21. Qf3 Qe7 22. Re2 Bd4 23. Bc1 Nd5 24. Qg4 Qf6 25. c3 Bb6 26. d4 Kh8 27. Rfe1 Bc7 28. a4 a5 29. Be4 Nb6 30. h4 Nxa4 31. Bg5 1-0


[Site "https://www.chess.com"]

[Event "Titled Tuesday Blitz June 21 Late 2022"]
[White "Indjic, Aleksandar"]
[Black "Bortnyk, Mykola"]
[WhiteFideId "911925"]
[BlackFideId "14120836"]
[WhiteElo "2616"]
[BlackElo "2582"]
[Result "0-1"]
[Round "06"]
[TimeControl "180+1"]
[Date "2022.06.21"]
[WhiteClock "0:00:06"]
[BlackClock "0:00:15"]

1. d4 d5 2. Nf3 Nf6 3. Bf4 c5 4. e3 Nc6 5. Nbd2 cxd4 6. exd4 Bf5 7. c3 e6 8. Qb3 Qc8 9. Nh4 Be4 10. Nxe4 Nxe4 11. Nf3 Bd6 12. Bxd6 Nxd6 13. Bd3 O-O 14. O-O g6 15. Rfe1 b5 16. Rac1 Rb8 17. Qc2 b4 18. c4 dxc4 19. Bxc4 Nxc4 20. Qxc4 Ne7 21. Qd3 Qb7 22. Rc5 Rfd8 23. Rec1 Nf5 24. g4 Nd6 25. Ne5 Rbc8 26. Nc6 Re8 27. Qe3 f6 28. h4 Qd7 29. Qf3 Kg7 30. h5 Rf8 31. Kg2 Nf7 32. Qe3 Rce8 33. f3 Kg8 34. Nxb4 e5 35. d5 e4 36. hxg6 hxg6 37. f4 Qxg4+ 38. Qg3 Qe2+ 39. Qf2 Qg4+ 40. Qg3 Qxg3+ 41. Kxg3 Nd6 42. Kf2 e3+ 43. Kf3 Nf5 44. Nc2 Rf7 45. Re1 Rh7 46. Rc3 Rh3+ 47. Ke2 Rh2+ 48. Kd1 e2+ 49. Kd2 Rf2 50. Rd3 Rxf4 51. d6 Rd8 52. d7 Re4 53. Rxe2 Rxe2+ 54. Kxe2 Kf7 55. Nb4 Ke6 56. Nc6 Rxd7 57. Nd8+ Ke7 58. Nc6+ Ke8 59. Rxd7 Kxd7 60. Nxa7 Nd6 61. a4 Kc7 62. Ke3 Kb7 63. Nb5 Nxb5 64. axb5 Kb6 0-1


[Site "https://www.chess.com"]

[Event "Titled Tuesday Blitz June 21 Late 2022"]
[White "Isajevsky, Anton"]
[Black "Wachinger, Guenther"]
[WhiteFideId "4142500"]
[BlackFideId "4604261"]
[WhiteElo "2578"]
[BlackElo "2459"]
[Result "1-0"]
[Round "06"]
[TimeControl "180+1"]
[Date "2022.06.22"]
[WhiteClock "0:00:10"]
[BlackClock "0:00:03"]

1. c4 e6 2. Nf3 d5 3. e3 Nf6 4. Nc3 c5 5. cxd5 exd5 6. d4 Nc6 7. Bb5 a6 8. Bxc6+ bxc6 9. O-O cxd4 10. exd4 Be7 11. Ne5 Bd7 12. Bg5 O-O 13. Rc1 Rb8 14. Na4 h6 15. Bh4 Ne4 16. Nxd7 Qxd7 17. Bxe7 Qxe7 18. Rxc6 Rfe8 19. b3 Qb4 20. Qd3 a5 21. f3 Nf6 22. Rc2 Re1 23. Rxe1 Qxe1+ 24. Qf1 Qb4 25. Qf2 Re8 26. Rc1 Nh5 27. g3 Nf6 28. Kg2 g5 29. Nc5 g4 30. Nd3 Qd6 31. Ne5 gxf3+ 32. Qxf3 Re7 33. Rc8+ Kg7 34. Rc6 Qb4 35. Qxf6+ Kg8 36. Rc8+ Re8 37. Rxe8+ Qf8 38. Rxf8+ Kxf8 39. Qxf7# 1-0


[Site "https://www.chess.com"]

[Event "Titled Tuesday Blitz June 21 Late 2022"]
[White "Janaszak, Dawid"]
[Black "Diaz Rosas, Julio Cesar"]
[WhiteFideId "1119206"]
[BlackFideId "5105099"]
[WhiteElo "2573"]
[BlackElo "2654"]
[Result "0-1"]
[Round "06"]
[TimeControl "180+1"]
[Date "2022.06.22"]
[WhiteClock "0:00:03"]
[BlackClock "0:00:11"]

1. e4 e5 2. Bc4 Nc6 3. Nc3 Nf6 4. d3 Bc5 5. f4 O-O 6. f5 d5 7. Nxd5 Nxe4 8. f6 Nxf6 9. Bg5 b5 10. Bb3 Nd4 11. Nxf6+ gxf6 12. Bh6 Re8 13. Qh5 Nxb3 14. axb3 Qd4 15. O-O-O Bg4 16. Qh4 Bf8 17. c3 Bxh6+ 18. Qxh6 Qf4+ 19. Qxf4 exf4 20. Rf1 Bh5 21. Nh3 Be2 22. Rxf4 Bxd3 23. Rxf6 Re2 24. Nf4 Rc2+ 25. Kd1 Be4 26. Ne2 Rd8+ 27. Ke1 Rxb2 28. Kf2 Rdd2 29. Re1 Bd3 30. Ke3 Bxe2 31. Rc6 Bh5 32. Rxc7 Ra2 33. c4 bxc4 34. bxc4 Rxg2 35. Rd1 Bxd1 0-1


[Site "https://www.chess.com"]

[Event "Titled Tuesday Blitz June 21 Late 2022"]
[White "Johnson, Ben"]
[Black "Prydun, Andriy"]
[WhiteFideId "2010917"]
[BlackFideId "14145898"]
[WhiteElo "2167"]
[BlackElo "2063"]
[Result "0-1"]
[Round "06"]
[TimeControl "180+1"]
[Date "2022.06.22"]
[WhiteClock "0:01:33"]
[BlackClock "0:02:04"]

1. Nf3 Nf6 2. c4 e6 3. Nc3 c5 4. b3 Nc6 5. e3 d5 6. cxd5 exd5 7. Bb5 d4 8. exd4 cxd4 9. Qe2+ Be7 10. Ne4 O-O 11. d3 Qa5+ 12. Bd2 Qxb5 13. O-O Bg4 14. Rac1 Rfe8 15. h3 Bh5 16. g4 Bg6 17. Nfg5 Nxe4 18. Nxe4 Ba3 19. Rc4 Ne5 20. Ra4 Qxd3 0-1


[Site "https://www.chess.com"]

[Event "Titled Tuesday Blitz June 21 Late 2022"]
[White "Jovic, Stanoje"]
[Black "Wang, Isaac"]
[WhiteFideId "905020"]
[BlackFideId "30977185"]
[WhiteElo "2286"]
[BlackElo "2295"]
[Result "1-0"]
[Round "06"]
[TimeControl "180+1"]
[Date "2022.06.22"]
[WhiteClock "0:00:30"]
[BlackClock "0:00:04"]

1. c4 c6 2. e4 d5 3. exd5 cxd5 4. cxd5 Nf6 5. Qa4+ Nbd7 6. Nc3 g6 7. Bc4 Bg7 8. d3 O-O 9. Nf3 a6 10. Qa3 b6 11. O-O Bb7 12. Re1 b5 13. Bb3 Re8 14. Bg5 Qb6 15. Qb4 Nc5 16. Be3 Nfd7 17. a4 Nxd3 18. Bxb6 Nxb4 19. Bd4 Nd3 20. Re2 b4 21. Ne4 Bxd4 22. Nxd4 N7c5 23. Nxc5 Nxc5 24. Bc4 Rad8 25. Nc6 Bxc6 26. dxc6 Rc8 27. Rc1 Rxc6 28. Rec2 Rec8 29. Bd5 R6c7 30. b3 e6 31. Bf3 Kf8 32. a5 Ke7 33. Rc4 Kd6 34. Rxb4 e5 35. Rb6+ Ke7 36. g3 f5 37. Be2 Nd7 38. Rxc7 Rxc7 39. Rxa6 Rc1+ 40. Kg2 Rc2 41. Bc4 Nc5 42. Ra7+ Kd6 43. a6 Ne4 44. Rxh7 Rxf2+ 45. Kg1 Ra2 46. a7 Kc5 47. Bf7 g5 48. b4+ 1-0


[Site "https://www.chess.com"]

[Event "Titled Tuesday Blitz June 21 Late 2022"]
[White "Kanyamarala, Tarun"]
[Black "Flynn, Jacob"]
[WhiteFideId "45004714"]
[BlackFideId "2509393"]
[WhiteElo "2219"]
[BlackElo "1896"]
[Result "1-0"]
[Round "06"]
[TimeControl "180+1"]
[Date "2022.06.22"]
[WhiteClock "0:00:03"]
[BlackClock "0:00:02"]

1. e4 e5 2. Nf3 Nc6 3. Bb5 a6 4. Ba4 Nf6 5. d3 b5 6. Bb3 Be7 7. O-O O-O 8. a3 d6 9. h3 Na5 10. Ba2 c5 11. Nc3 Be6 12. Nd5 Nc6 13. Re1 h6 14. c3 Re8 15. Be3 Bf8 16. b4 a5 17. a4 axb4 18. axb5 Bxd5 19. exd5 Ne7 20. c4 Ra3 21. Bb3 Qa5 22. Rxa3 bxa3 23. Re2 Ra8 24. Ra2 Nf5 25. Bd2 Qa7 26. Bc3 Nd7 27. Nd2 Nd4 28. Nb1 Qb6 29. Rxa3 Rxa3 30. Nxa3 f5 31. Nb1 g6 32. Nd2 Bg7 33. Kf1 Kh7 34. Ba2 h5 35. g4 hxg4 36. hxg4 Bh6 37. gxf5 gxf5 38. Qh5 Qd8 39. Qf7+ Bg7 40. Nf3 Nxf3 41. Qh5+ Kg8 42. Qxf3 1-0


[Site "https://www.chess.com"]

[Event "Titled Tuesday Blitz June 21 Late 2022"]
[White "Keymer, Vincent"]
[Black "Pinheiro, Iung Alicio de O."]
[WhiteFideId "12940690"]
[BlackFideId "2104350"]
[WhiteElo "2548"]
[BlackElo "2283"]
[Result "1-0"]
[Round "06"]
[TimeControl "180+1"]
[Date "2022.06.21"]
[WhiteClock "0:00:03"]
[BlackClock "0:00:08"]

1. Nf3 c5 2. c4 g6 3. g3 Bg7 4. Bg2 Nc6 5. Nc3 d6 6. b3 Bf5 7. Bb2 e5 8. O-O Qd7 9. Re1 Nge7 10. d3 h5 11. Nd5 Nxd5 12. cxd5 Ne7 13. e4 Bg4 14. b4 b6 15. bxc5 bxc5 16. Qc2 O-O 17. Nd2 h4 18. f3 Bh3 19. Nc4 Bxg2 20. Kxg2 h3+ 21. Kg1 f5 22. Bc3 fxe4 23. fxe4 Rf3 24. Rf1 Raf8 25. Rxf3 Rxf3 26. Rf1 Qg4 27. Rf2 Rxf2 28. Kxf2 Qd7 29. Qe2 Nc8 30. Ba5 Bf6 31. Qf3 Bd8 32. Bd2 Kg7 33. g4 Bh4+ 34. Kg1 Qb7 35. Qxh3 Qb1+ 36. Kg2 g5 37. Qf3 Qxa2 38. Qe2 a6 39. h3 Kg6 40. Qf1 Kg7 41. Qf5 Ne7 42. Qe6 Ng6 43. Kf3 Qb1 44. Ke2 Qh1 45. Qd7+ Kh6 46. Nxd6 Qg2+ 47. Kd1 Qf1+ 48. Kc2 Nf4 49. Nf5+ Kg6 50. Qg7# 1-0


[Site "https://www.chess.com"]

[Event "Titled Tuesday Blitz June 21 Late 2022"]
[White "Ladan, Nicholas"]
[Black "Oro, Luis"]
[WhiteFideId "30918855"]
[BlackFideId "104094"]
[WhiteElo "2167"]
[BlackElo "2375"]
[Result "1-0"]
[Round "06"]
[TimeControl "180+1"]
[Date "2022.06.22"]
[WhiteClock "0:01:36"]
[BlackClock "0:01:33"]

1. d4 Nf6 2. Bf4 d5 3. e3 e6 4. Nf3 Bd6 5. Ne5 c5 6. Bb5+ Kf8 7. Nd2 a6 8. Be2 Nc6 9. c3 Qc7 10. Ndf3 Ne4 11. O-O f6 12. Nd3 c4 13. Bxd6+ Qxd6 14. Nf4 g5 15. Nh5 Bd7 16. Nd2 Nxd2 17. Qxd2 Ke7 18. f4 Be8 19. fxg5 fxg5 20. e4 h6 21. e5 Qd8 22. Nf6 Bg6 23. Bg4 b5 24. Rf2 b4 25. Raf1 bxc3 26. bxc3 Rf8 27. h4 Bd3 28. hxg5 Bxf1 29. Rxf1 Qa5 30. gxh6 Qb6 31. Qg5 1-0


[Site "https://www.chess.com"]

[Event "Titled Tuesday Blitz June 21 Late 2022"]
[White "Lashkin, Jegor"]
[Black "Pulpan, Jakub"]
[WhiteFideId "13907808"]
[BlackFideId "302759"]
[WhiteElo "2368"]
[BlackElo "2495"]
[Result "1-0"]
[Round "06"]
[TimeControl "180+1"]
[Date "2022.06.21"]
[WhiteClock "0:00:04"]
[BlackClock "0:00:11"]

1. d4 Nf6 2. c4 e6 3. Nc3 Bb4 4. e3 O-O 5. Bd2 b6 6. Nf3 Bb7 7. Bd3 c5 8. a3 Bxc3 9. Bxc3 cxd4 10. Bxd4 Nc6 11. Bc3 d5 12. O-O dxc4 13. Bxc4 Qe7 14. Qe2 a6 15. Rac1 b5 16. Ba2 Rac8 17. Ng5 b4 18. axb4 Nxb4 19. Bb1 g6 20. e4 a5 21. Qe3 e5 22. h3 Nh5 23. Nf3 f6 24. g3 Ng7 25. Qb6 Nc6 26. Ba2+ Kh8 27. Bd5 Nd8 28. Bxa5 Rxc1 29. Rxc1 Bxd5 30. exd5 Qd7 31. Qb3 Qxh3 32. Rc7 Nh5 33. Qc3 Nf7 34. Bb4 Ra8 35. Rxf7 Qg4 36. Qc7 Ra1+ 37. Kh2 Rh1+ 38. Kxh1 Nxg3+ 39. Kg2 Nf5+ 40. Kf1 Qh3+ 41. Ke1 Qh1+ 42. Kd2 1-0


[Site "https://www.chess.com"]

[Event "Titled Tuesday Blitz June 21 Late 2022"]
[White "Le, Tuan Minh"]
[Black "Yoo, Christopher Woojin"]
[WhiteFideId "12401153"]
[BlackFideId "30909694"]
[WhiteElo "2530"]
[BlackElo "2105"]
[Result "1-0"]
[Round "06"]
[TimeControl "180+1"]
[Date "2022.06.21"]
[WhiteClock "0:00:18"]
[BlackClock "0:00:03"]

1. d4 Nf6 2. Nf3 d5 3. Bf4 c5 4. c3 Qb6 5. Qc2 Nc6 6. e3 Nh5 7. Be5 f6 8. Bg3 g6 9. Nbd2 Bg7 10. Be2 O-O 11. O-O Nxg3 12. hxg3 Bd7 13. Rac1 Rac8 14. dxc5 Qxc5 15. c4 dxc4 16. Bxc4+ Kh8 17. Qe4 Bf5 18. Qh4 g5 19. Qh5 Bg6 20. Qh3 Qd6 21. Be6 Rcd8 22. Nc4 Qc7 23. Bf5 Bxf5 24. Qxf5 Qd7 25. Qb5 e6 26. g4 Qe7 27. Rfd1 f5 28. Rxd8 Nxd8 29. Nce5 fxg4 30. Nxg4 Nf7 31. b3 Rd8 32. Ngh2 h5 33. Nf1 Rd5 34. Qa4 a6 35. Rc8+ Rd8 36. Qc4 Rxc8 37. Qxc8+ Kh7 38. Ng3 h4 39. Ne4 g4 40. Qc2 Kh6 41. Nd4 Bxd4 42. exd4 Nd6 43. Qc5 Nf5 44. Qe5 Kg6 45. Qf4 Qg7 46. Qxg4+ Kf7 47. Ng5+ Ke7 48. Qh5 Qf6 49. Qh7+ Ke8 50. Qg8+ Ke7 51. Kh1 Nxd4 52. Ne4 Qf5 53. Qg7+ Kd8 54. Qxd4+ Qd5 55. Qxd5+ exd5 56. Nc5 d4 57. Nd3 1-0


[Site "https://www.chess.com"]